AoeStats
← Theekopje

Arabia

510523856Analyzed
1v1 RM · 2d ago on Oct 1, 2026· 63m 10s· 2 players
Game mode
Random Map
Map size
Tiny (2 player)
Population
200
Speed
Normal
Resources
Standard
Victory
Conquest
Starting age
Dark Age
Ending age
Imperial Age
RankedLock teamsTeams togetherTeam positionsShared explorationLock speedFull tech treeHidden civsTurbo modeCheats
Victory
Defeat
🇧🇪 Malians · Belgium
761
+16
🇧🇷 Huns · Brazil
760
-16
torresanieduardo
5:44 Loom
5:50 Loom
19:42 Feudal Age
20:42 Horse Collar
20:52 Double-Bit Axe
20:59 Stone Mining
26:06 Wheelbarrow
33:36 Castle Age
31:36 Gold Mining
34:53 Hand Cart
36:42 Forging
36:38 Scale Barding Armor
37:01 Bow Saw
39:44 Pikeman
41:44 Gold Shaft Mining
41:47 Town Watch
42:46 Heavy Plow
45:52 Squires
45:17 Crossbowman
46:03 Thumb Ring
46:02 Padded Archer Armor
45:53 Fletching
46:23 Chain Barding Armor
51:48 Leather Archer Armor
53:12 Bodkin Arrow
60:43 Imperial Age
59:57 Iron Casting
59:22 Scale Mail Armor
59:31 Husbandry
Theekopje
8:19 Loom
15:55 Feudal Age
16:01 Man-at-Arms
18:35 Arson
19:53 Scale Mail Armor
28:56 Castle Age
32:20 Wheelbarrow
39:18 Tigui
40:21 Horse Collar
40:42 Double-Bit Axe
41:10 Fletching
41:21 Padded Archer Armor
46:26 Bodkin Arrow
46:47 Leather Archer Armor
48:49 Hand Cart
52:42 Heavy Plow
52:56 Bow Saw
53:19 Ballistics
56:18 Imperial Age
54:19 Forging
54:16 Scale Barding Armor
54:52 Murder Holes
55:51 Pikeman
56:32 Squires
55:55 Long Swordsman
56:55 Masonry
57:30 Conscription
58:29 Elite Gbeto
Connection lost

Rejoining the realm…

Still unreachable

The connection could not be restored.

Session expired

The server has moved on; the page needs a fresh start.